 Dungeon Crawl Stone Soup version 0.23-a0-313-gf30bb39 (webtiles) character file.

110 MatthieuS the Insei (level 5, -2/38 HPs)
             Began as a Human Wanderer on Oct 12, 2018.
             Was an Initiate of Ru.
             Killed by nerve-wracking pain
             ... invoked by an orc priest
              (14 damage)
             ... on level 3 of the Dungeon.
             The game lasted 00:04:41 (3104 turns).

MatthieuS the Insei (Human Wanderer)                Turns: 3104, Time: 00:04:41

Health: -2/38      AC:  7    Str: 12    XL:     5   Next: 14%
Magic:  5/5        EV:  9    Int: 13    God:    Ru [......]
Gold:   98         SH:  0    Dex: 13    Spells: 4/4 levels left

rFire    . . .     SeeInvis .     - Unarmed
rCold    . . .     Gourm    .   (no shield)
rNeg     . . .     Faith    .   p - +0 scale mail
rPois    .         Spirit   .   h - +0 helmet
rElec    .         Reflect  .   (no cloak)
rCorr    .         Harm     .   (no gloves)
MR       .....                  (no boots)
Stlth    +.........             (no amulet)
HPRegen  0.12/turn              (no ring)
MPRegen  0.09/turn              (no ring)

@: no status effects
A: no striking features
a: Renounce Religion


You were on level 3 of the Dungeon.
You worshipped Ru.
Ru was noncommittal.
You were not hungry.

You visited 1 branch of the dungeon, and saw 3 of its levels.

You collected 98 gold pieces.

Inventory:

Hand Weapons
 a - a +2 falchion
 f - a +0 dagger
Armour
 h - a +0 helmet (worn)
   (You found it on level 1 of the Dungeon)
 n - a +0 ring mail
   (You found it on level 1 of the Dungeon)
 p - a +0 scale mail (worn)
   (You took it off Terence on level 2 of the Dungeon)
Scrolls
 c - 3 scrolls of teleportation {@r4}
 d - a scroll of fog {unknown}
 g - a scroll of remove curse {unknown}
 k - 3 scrolls of identify {unknown}
 m - a scroll of noise {unknown}
 r - 3 scrolls of fear {unknown}
Potions
 b - a potion of curing {@q1}
 i - a potion of degeneration {unknown}
 j - a potion of lignification {unknown}
 l - 2 potions of mutation {unknown}
 o - a potion of might {unknown}
Comestibles
 e - 3 rations


   Skills:
 + Level 2.3 Fighting
 - Level 1.0 Long Blades
 + Level 2.4 Dodging
 + Level 3.8 Stealth
 + Level 4.5 Unarmed Combat


You had 4 spell levels left.
You didn't know any spells.
Your spell library was empty.

Dungeon Overview and Level Annotations

Branches:
Dungeon (3/15)

Altars:
Dithmenos
Gozag
Ru
Xom
The Shining One

Annotations:
D:2 1 runed door


Message History

You hit the frilled lizard but do no damage.
The frilled lizard bites you but does no damage.
You punch the frilled lizard!
You kill the frilled lizard!
No target in view!
No target in view!
Items here: ( )) ÷ 10 poisoned needles; an uncursed dagger; an uncursed blowgun; a kobold skeleton An orc comes into view.
It is wielding a club.
The orc shouts!
An orc is nearby!
An orc is nearby!
An orc is nearby!
A worm and an orc priest come into view.
The orc priest is wielding a dagger of speed.
The orc priest shouts!
You see here a dagger.
You start waiting.
The orc is too close now for your liking.
The orc barely misses you.
You barely miss the orc. The orc hits you but does no damage.
You barely miss the orc.
The orc priest looks encouraged for a moment.
The orc hits you with a club.
You hit the orc. You hit the orc.
You kill the orc!
An orc comes into view. It is wielding a club.
The orc priest hits you but does no damage.
Things that are here:
a club; an orc corpse You closely miss the orc priest.
The orc priest calls down the wrath of Beogh upon you.
Pain shoots through your body!
The orc shouts!
You punch the orc priest!
The orc priest invokes the aid of Beogh against you.
Beogh smites you!
* * * LOW HITPOINT WARNING * * *
You hit the orc priest.
The orc priest hits you with a dagger of speed.
* * * LOW HITPOINT WARNING * * *
You closely miss the orc priest. You punch the orc priest.
The orc priest closely misses you.
Unknown command.
You closely miss the orc priest. You hit the orc.
The orc priest mumbles some strange prayers to Beogh against you.
Pain shoots through your body!
You die...

+.....#.##................#
+.......##......####.#....###
###..((...##)#.<#.#
#.........
#...#(÷o.....#..<.#
##........
#.#....#)##..(.#..# #..^.....
.......#..###.###..###
#).##.### ###......##
#..##....###..##.# .w..o#####
##o##....##...##.# ..o..
#o@.....##.#.##.# .....
####....#.......## ...
#....#........## ...
#....#.........#
#....#.........#
####.#.........#
#.#.........# #.(.........#
####.......##


You could see an orc priest and an orc.

Vanquished Creatures
  Terence (D:2)
  An adder (D:2)
  3 worms (D:2)
  A dart slug (D:1)
  A leopard gecko (D:2)
  6 orcs (D:3)
  3 bats
  4 giant cockroaches
  7 goblins
  10 hobgoblins
  8 kobolds
  3 frilled lizards
  4 rats
52 creatures vanquished.

Notes
Turn   | Place    | Note
-------+----------+-------------------------------------------
     0 | D:1      | MatthieuS the Human Wanderer began the quest for the Orb.
     0 | D:1      | MatthieuS set off with: a +2 falchion, a potion of curing
                  | {@q1}, a scroll of teleportation {@r4}, a +0 robe, a
                  | ration, a +0 dagger
     0 | D:1      | Reached XP level 1. HP: 15/15 MP: 1/1
   468 | D:1      | Reached XP level 2. HP: 20/21 MP: 2/2
   723 | D:1      | Found a shimmering altar of Xom.
  1024 | D:1      | Reached XP level 3. HP: 19/26 MP: 3/3
  1184 | D:2      | Noticed Terence
  1197 | D:2      | Killed Terence
  1228 | D:2      | Reached XP level 4. HP: 26/33 MP: 4/4
  2218 | D:2      | Found a sacrificial altar of Ru.
  2223 | D:2      | Found a glowing golden altar of the Shining One.
  2226 | D:2      | Found a shadowy altar of Dithmenos.
  2236 | D:2      | Became a worshipper of Ru the Awakened
  2501 | D:2      | Found a runed door.
  2658 | D:3      | Found an opulent altar of Gozag.
  2754 | D:3      | Reached XP level 5. HP: 33/38 MP: 5/5
  3104 | D:3      | Killed from afar by an orc priest

Vault maps used:
D:1:      saegor_arrival_simple_d, minivault_23, dk_noncrumbling_2,
          xom_teletrap_fun
D:2:      grunt_temple_overflow_diamond, grunt_decor_resistance,
          uniq_crazy_yiuf_cottage, uniq_terence
D:3:      bloody_trog, lemuel_crystal_altar, grunt_temple_overflow_open,
          minmay_mini_jars

Skill      XL: |  1  2  3  4 |
---------------+-------------+-----
Dodging        | 2 |  2.4
Fighting       | 2 |  2.3
Long Blades    | |  1.0
Stealth        | |  3.8
Unarmed Combat | |  4.5

Action                   |  1- 3 |  4- 6 || total
-------------------------+-------+-------++-------
Melee: Unarmed           |   104 |   143 ||   247
       Punch             |     1 |     5 ||     6
 Stab: Sleeping          |     6 |     1 ||     7
  Eat: Chunk             |     1 |     6 ||     7
Armor: Robe              |    10 |       ||    10
       Ring mail         |    10 |       ||    10
       Scale mail        |       |    52 ||    52
Dodge: Dodged            |    41 |    46 ||    87

Table legend:
 A = Non-vault XP
 B = Vault XP
 C = Vault XP percentage of total XP
 D = Non-vault monster count
 E = Vault monster count
 F = Vault count percentage of total count
                 A         B        C        D         E       F
            +---------+---------+-------+---------+---------+-------
      Total |     122 |      36 |  22.8 |      51 |       1 |   1.9
            +---------+---------+-------+---------+---------+-------
        D:1 |      29 |       0 |   0.0 |      15 |       0 |   0.0
        D:2 |      61 |      36 |  37.1 |      21 |       1 |   4.5
        D:3 |      32 |       0 |   0.0 |      15 |       0 |   0.0
            +---------+---------+-------+---------+---------+-------
